 Dungeon Crawl Stone Soup version 0.21.1-1-g345015f (webtiles) character file.

197 letownia2 the Conjurer (level 5, -4/28 HPs)
             Began as a Gargoyle Conjurer on Feb 14, 2018.
             Killed from afar by an orc wizard (5 damage)
             ... with a puff of flame
             ... on level 4 of the Dungeon.
             The game lasted 00:03:56 (710 turns).

letownia2 the Conjurer (Gargoyle Conjurer)           Turns: 710, Time: 00:03:57

Health: -4/28      AC:  7    Str: 17    XL:     5   Next: 75%
Magic:  4/10       EV: 11    Int: 16    God:
Gold:   8          SH:  0    Dex: 10    Spells: 8/11 levels left

rFire    . . .     SeeInvis .   k - +1 flail (protect)
rCold    . . .     Gourm    .   (no shield)
rNeg     + . .     Faith    .   i - +0 leather armour
rPois    ∞         Spirit   .   (no helmet)
rElec    +         Reflect  .   (no cloak)
rCorr    .         Harm     .   (no gloves)
MR       .....                  (no boots)
Stlth    ++........             (no amulet)
HPRegen  0.09/turn              (no ring)
MPRegen  0.12/turn              (no ring)

@: mighty
A: negative energy resistance 1, electricity resistance, unbreathing,
petrification resistance, rot immunity, AC +4
a: no special abilities


You were on level 4 of the Dungeon.
You were not hungry.

You visited 1 branch of the dungeon, and saw 4 of its levels.

You collected 8 gold pieces.

Inventory:

Hand Weapons
 h - a +0 short sword
 k - a +1 flail of protection (weapon)
Armour
 a - a +0 robe
 e - a +0 buckler
 i - a +0 leather armour (worn)
Scrolls
 d - a scroll of amnesia {unknown}
 f - a scroll of magic mapping {unknown}
Potions
 j - a potion of cancellation
Books
 b - a book of Conjurations

   Spells                             Type                      Level
   a - Magic Dart                     Conjuration                  1
   b - Searing Ray                    Conjuration                  2
   c - Dazzling Spray                 Conjuration/Hexes            3
   d - Fulminant Prism                Conjuration/Hexes            4
   e - Force Lance                    Conjuration/Translocation    4
   f - Iskenderun's Mystic Blast      Conjuration                  4
Comestibles
 c - a ration


   Skills:
 - Level 1.5 Dodging
 - Level 2.1 Stealth
 + Level 3.7 Spellcasting
 + Level 6.3 Conjurations


You had 8 spell levels left.
You knew the following spells:

 Your Spells              Type           Power        Failure   Level  Hunger
a - Magic Dart            Conj           ###.         1%          1    None
l - Searing Ray           Conj           ###...       2%          2    ##.....


Dungeon Overview and Level Annotations

Branches:
Dungeon (3/15)

Altars:


Innate Abilities, Weirdness & Mutations

You are resistant to torment.
Your stone body is resilient. (AC +4)
You are immune to poison.
You resist negative energy. (rN+)
You are resistant to electric shocks. (rElec)
You can survive without breathing.
You are immune to petrification.
You are immune to rotting.


Message History

Your weapon exudes an aura of protection.
The orc is severely wounded.
The orc hits you with a war axe.
* * * LOW HITPOINT WARNING * * *
The orc wizard barely misses you.
Unknown command.
Unknown command.
It was a potion of cancellation.
You feel magically purged. The orc wizard barely misses you.
The orc hits you but does no damage.
It was a potion of might.
You feel very mighty all of a sudden. The orc wizard hits you with a dagger.
* * * LOW HITPOINT WARNING * * *
You barely miss the orc wizard. The orc misses you. The orc wizard misses you.
The orc barely misses you.
Unknown command.
You closely miss the orc wizard.
The orc wizard gestures at you while chanting.
The puff of flame hits you!
You die...

#.#.#.......#.#........
#.#.#.....(.+..........
#o#.........#[##.##....
#.###....#.............
#.# #....#.####..#....
#.# #....#.......# .
#)# #....#.#######+
#.########.# ......
#....(o@o..# .....
##########.##.....
#####.#...# #.........#
#.........# #.........#
#####.....# #.....#
#####.....#


You could see an orc wizard and an orc.

Vanquished Creatures
  An ogre (D:4)
  A hound (D:4)
  An orc priest (D:4)
  An orc wizard (D:4)
  2 adders
  2 orcs (D:4)
  A giant cockroach (D:1)
  A hobgoblin (D:1)
  4 jackals (D:1)
  2 bats
16 creatures vanquished.

Notes
Turn   | Place    | Note
-------+----------+-------------------------------------------
     0 | D:1      | letownia2 the Gargoyle Conjurer began the quest for the Orb.
     0 | D:1      | Reached XP level 1. HP: 10/10 MP: 3/3
   125 | D:1      | Reached XP level 2. HP: 5/15 MP: 0/5
   143 | D:1      | Learned a level 2 spell: Searing Ray
   327 | D:2      | Reached skill level 5 in Conjurations
   389 | D:3      | Reached XP level 3. HP: 3/19 MP: 0/6
   446 | D:2      | You fall through a shaft for 2 floors!
   536 | D:4      | Reached XP level 4. HP: 11/24 MP: 2/8
   650 | D:4      | Noticed an ogre
   679 | D:4      | Killed an ogre
   679 | D:4      | Reached skill level 6 in Conjurations
   679 | D:4      | Reached XP level 5. HP: 8/28 MP: 4/10
   708 | D:4      | HP: 1/28 [orc wizard/dagger (2)]
   710 | D:4      | Killed from afar by an orc wizard

Skill      XL: |  1  2  3  4 |
---------------+-------------+-----
Conjurations   | 5 6 |  6.3
Spellcasting   | 3 |  3.7
Dodging        | |  1.5
Stealth        | |  2.1

Action                   |  1- 3 |  4- 6 || total
-------------------------+-------+-------++-------
Melee: Unarmed           |    31 |       ||    31
       Flail             |       |    12 ||    12
 Cast: Magic Dart        |    28 |       ||    28
       Searing Ray       |     2 |     4 ||     6
  Use: Potion            |       |     2 ||     2
Armor: Robe              |    13 |       ||    13
       Leather armour    |       |     7 ||     7
Dodge: Dodged            |    47 |    14 ||    61
